 Dungeon Crawl Stone Soup version 0.28-a0-1406-ga8dd43b1d0 (webtiles) character file.

Game seed: 4551018819882595225

163 Froggeryz the Ruffian (level 5, -2/45 HPs)
             Began as a Ghoul Wanderer on Jan 6, 2022.
             Slain by a scorpion (5 damage)
             ... on level 4 of the Dungeon.
             The game lasted 00:03:25 (3682 turns).

Froggeryz the Ruffian (Ghoul Wanderer)              Turns: 3682, Time: 00:03:26

Health: -2/45      AC:  5    Str: 16    XL:     5   Next: 44%
Magic:  6/6        EV: 10    Int: 11    God:
Gold:   143        SH:  0    Dex:  6    Spells: 6/7 levels left

rFire   + . .      SeeInvis +     - Unarmed
rCold   + . .      Faith    +   (no shield)
rNeg    + + +      Spirit   .   e - +0 ring mail
rPois   ∞          Reflect  .   (no helmet)
rElec   .          Harm     .   (no cloak)
rCorr   .          Rampage  .   (no gloves)
Will    .....                   (no boots)
Stlth   ..........              r - amulet of faith
HPRegen 0.00/turn               q - ring of protection from fire
MPRegen 0.10/turn               a - ring of see invisible

@: inhibited regen
A: claws 1, cold resistance 1, negative energy resistance 3, inhibited
regeneration, torment resistance 2
a: no special abilities


You were on level 4 of the Dungeon.
You visited 1 branch of the dungeon, and saw 4 of its levels.

You collected 143 gold pieces.

Inventory:

Hand Weapons
 k - a +1 dagger of venom
Missiles
 b - 2 boomerangs
 i - 35 poisoned darts (quivered)
Armour
 e - a +0 ring mail (worn)
 n - a +0 pair of gloves
Jewellery
 a - a ring of see invisible (right claw)
 q - a ring of protection from fire (left claw)
 r - an amulet of faith (around neck)
Scrolls
 c - a scroll of immolation {unknown}
 d - a scroll of enchant weapon {unknown}
 f - a scroll of vulnerability {unknown}
 j - a scroll of fear {unknown}
 l - a scroll of teleportation {unknown}
 m - a scroll of fog {unknown}
 o - a scroll of identify {unknown}
 s - a scroll of enchant armour {unknown}
Potions
 g - a potion of haste {unknown}
 h - a potion of flight {unknown}
 p - a potion of might {unknown}


   Skills:
 - Level 3.2 Fighting
 - Level 1.7 Bows
 + Level 2.0 Armour
 * Level 4.7 Unarmed Combat
 - Level 1.7 Spellcasting
 - Level 3.2 Ice Magic


You had 6 spell levels left.
You knew the following spells:

 Your Spells              Type           Power      Damage    Failure   Level
a - Freeze                Ice            32%        1d5       14%         1

Your spell library contained the following spells:

 Spells                   Type           Power      Damage    Failure   Level
 Hailstorm                Conj/Ice       4%         3d4       95%         4
 Summon Ice Beast         Ice/Summ       4%         N/A       95%         4


Dungeon Overview and Level Annotations

Branches:
Dungeon (4/15)
 Temple: D:4-7

Altars:


Innate Abilities, Weirdness & Mutations

You thrive by killing the living.
You are immune to poison.
You have sharp fingernails.
Your flesh is cold resistant. (rC+)
You are immune to negative energy. (rN+++)
You do not regenerate when monsters are visible.
You are immune to unholy pain and torment.


Message History

You kill the hobgoblin!
You feel better.
No target in view!
Key pressed, stopping explore.
No target in view!
s - a scroll labelled YLENIDD REENAQ You see here a hobgoblin corpse.
An orc comes into view. It is wielding a +0 hand axe.
An orc is nearby!
The orc shouts!
An orc comes into view. It is wielding a +0 hand axe.
The orc shouts!
You hear a shout! x2
A hobgoblin, an orc and an orc priest come into view.
Found a book of Debilitation.
The orc priest shouts!
The hobgoblin shouts!
The orc throws a boomerang.
The boomerang closely misses you.
The orc priest mumbles some strange prayers to Beogh against you.
Beogh smites you!
You barely miss the orc. The orc hits you but does no damage.
A scorpion comes into view.
The scorpion stings you. The scorpion stings you.
The orc throws a boomerang.
The boomerang barely misses you. The scorpion stings you!
* * * LOW HITPOINT WARNING * * *
You see here a hobgoblin corpse.
The scorpion stings you.
* * * LOW HITPOINT WARNING * * *
The scorpion stings you but does no damage.
The scorpion misses you. The scorpion stings you.
* * * LOW HITPOINT WARNING * * *
You see here a +0 leather armour.
The scorpion stings you.
* * * LOW HITPOINT WARNING * * *
Things that are here:
a +0 club; an orc skeleton
There is a stone staircase leading up here.
The scorpion barely misses you. The scorpion stings you.
You die...

#..# #. #..# #.
#..# #. #..# ####
########.#######.g.
#.....##...#...o.##
#.....###....#####
#.....# ##...#
#.@s..# ##..##
#.>.o.# #...#
#....)### #.o.#
#.....g.####..#
#.....#.[)##..#
###..####.....#
##..# ###...#
##.######..#
#....#....#


You could see a scorpion, an orc and a hobgoblin.

Vanquished Creatures
  A scorpion (D:3)
  3 adders
  A worm (D:4)
  2 dart slugs
  3 orcs
  4 ball pythons
  5 bats
  9 endoplasms
  A giant cockroach (D:1)
  5 hobgoblins
  3 jackals (D:2)
  3 quokkas
  5 frilled lizards
  10 goblins
  3 kobolds
  8 rats
66 creatures vanquished.

Notes
Turn   | Place    | Note
-------+----------+-------------------------------------------
     0 | D:1      | Froggeryz the Ghoul Wanderer began the quest for the Orb.
     0 | D:1      | Froggeryz set off with the following items: a +1 shortbow,
                  | 23 arrows, a +0 leather armour; and the following spell
                  | memorised: Freeze; and the following spells available to
                  | memorise: Hailstorm, Summon Ice Beast
     0 | D:1      | Reached XP level 1. HP: 19/19 MP: 2/2
    93 | D:1      | Reached skill level 1 in Unarmed Combat
   146 | D:1      | Reached XP level 2. HP: 26/26 MP: 1/3
   205 | D:1      | Reached skill level 2 in Unarmed Combat
   693 | D:1      | Reached XP level 3. HP: 31/31 MP: 4/4
   960 | D:1      | Reached skill level 3 in Unarmed Combat
  1359 | D:2      | Found a faded altar of an unknown god.
  1642 | D:2      | Reached skill level 1 in Armour
  1768 | D:2      | Reached XP level 4. HP: 38/38 MP: 5/5
  2190 | D:2      | Identified the +0 robe of Yghosi Anu {Contam Regen+
                  | Archmagi}
  2609 | D:3      | Noticed a scorpion
  2620 | D:3      | Killed a scorpion
  2621 | D:3      | Reached skill level 4 in Unarmed Combat
  2621 | D:3      | Reached XP level 5. HP: 15/45 MP: 6/6
  3682 | D:4      | Slain by a scorpion

Illustrated notes

Levels and vault maps discovered:
D:1:      lightli_arrival_quake, layout_basic, chequers_serial_rivers_marsh
D:2:      layout_loops_corners, hellmonk_ecumenical_altar_zigzags
D:3:      layout_rooms, serial_rivers, chequers_serial_rivers_large_b,
          chequers_serial_rivers_micro_a, chequers_serial_rivers_micro_a,
          chequers_serial_rivers_room_a, chequers_serial_rivers_room_b,
          chequers_serial_rivers_room_b
D:4:      layout_rooms, mainiacjoe_overflow_small_starburst, marbit_many_paths,
          kennysheep_diamond, kennysheep_generic_room_16

Skill      XL: |  1  2  3  4  5 |
---------------+----------------+-----
Unarmed Combat | 1 2 3 4 |  4.7
Armour         | 1 2 |  2.0
Fighting       | |  3.2
Bows           | |  1.7
Spellcasting   | |  1.7
Ice Magic      | |  3.2

Action                   |  1- 3 |  4- 6 || total
-------------------------+-------+-------++-------
Melee: Unarmed           |   102 |   112 ||   214
       Punch             |     1 |     2 ||     3
 Fire: Shortbow          |     3 |       ||     3
Throw: Dart              |       |     1 ||     1
 Cast: Freeze            |     9 |       ||     9
Armor: Leather armour    |    41 |    23 ||    64
       Ring mail         |       |     2 ||     2
Dodge: Dodged            |    51 |    56 ||   107

Table legend: (Time is in decaauts)
 A = Elapsed time spent in this place.
 B = Non-inter-level travel time spent in this place.
 C = Inter-level travel time spent in this place.
 D = Time resting spent in this place.
 E = Time spent auto-exploring this place.
 F = Levels seen in this place.
 G = Mean time per level.
                   A        B        C        D        E       F      G
               +--------+--------+--------+--------+--------+-----+--------+
         Total |   3705 |   3594 |    111 |    220 |   2830 |   4 |  926.2 |
       Dungeon |   3705 |   3594 |    111 |    220 |   2830 |   4 |  926.2 |
               +--------+--------+--------+--------+--------+-----+--------+

Top non-repeatable levels by time:
     D:1: 1257 daAuts
     D:3: 1148 daAuts
     D:2: 1082 daAuts
     D:4: 216 daAuts
